cohdb
Replays
Latest Replays
All Replays
Popular Replays
Top Player Replays
Match Explorer
How It Works
Community
CoH3 Stats
Reddit
Sign in to upload your games and track your stats! →
Sign in with Steam
Match 44770258
Unlisted
Match 44770258
Overview
Messages
Build Orders
End
Kettenkrad Recon Vehicle
Selects Italian Coastal Battlegroup
Selects Coastal Reserves
Coastal Reserve
Construct Infanterie Kompanie
MG 42 Machine Gun Team
Coastal Reserve
Construct Luftwaffe Kompanie
Jäger Squad
Jäger Squad
Flak 30 Anti-aircraft Gun Team
Support Elements
Selects Support Bunkers
Wirbelwind Flakpanzer
Marder III M Tank Destroyer
Selects Rapid Fortifications
Medical Station
Rapid Fortifications
Wirbelwind Flakpanzer
Side Skirts
Rapid Fortifications
MG 42 Bunker
MG 42 Bunker
Rapid Fortifications
Marder III M Tank Destroyer
MG 42 Bunker
Marder III M Tank Destroyer
Pioneer Squad
Construct Panzergrenadier Kompanie
Selects Bulwark
MG 42 Bunker
Selects Artillery Officer
Selects Obice da 210/22 Artillery Emplacement
StuG III G Assault Gun
MG 42 Bunker
Medical Bunker
Tronald Dumb ⛟
SNIFFY
⎝⧹DontKillMyVybeTy⧸⎠
gegi
Serial Chiller
후다닥김밥
Groot
bdwqwq
0
0
Comments
sign in to comment!
No comments posted yet!